 Dungeon Crawl Stone Soup version 0.31.0-1-g2c135a0 (webtiles) character file.

Game seed: 1884825250887650284

36722 nerdeater69 the Executioner (level 13, 0/100 HPs)
             Began as a Minotaur Berserker on Mar 25, 2024.
             Was a High Priest of Trog.
             Slain by a manticore (14 damage)
             ... on level 13 of the Dungeon.
             The game lasted 00:50:30 (12314 turns).

nerdeater69 the Executioner (Minotaur Berserker)   Turns: 12314, Time: 00:50:31

Health: 0/100      AC: 25    Str: 27    XL:     13   Next: 54%
Magic:  12/12      EV: 12    Int:  4    God:    Trog [*****.]
Gold:   669        SH: 10    Dex: 10    Spells: 12/12 levels left

rFire   + . .        K - +6 war axe (freeze)
rCold   + . .        M - +0 buckler
rNeg    . . .        k - +3 crystal plate armour
rPois   .            T - +2 hat
rElec   .            x - +0 cloak
rCorr   .            (no gloves)
SInv    +            s - +0 pair of boots
Will    .....        a - amulet of reflection Stlth
                     d - +5 ring of evasion
HPRegen 0.36/turn    c - ring "Aclefeaw" {rF+ rC+ SInv}
MPRegen 0.13/turn

%: reflection
@: on berserk cooldown, slowed, studying Unarmed Combat, very slow
A: horns 2, retaliatory headbutt, deformed body, mutation resistance 1,
persistent drain
a: Renounce Religion, Berserk, Trog's Hand, Brothers in Arms


You were on level 13 of the Dungeon.
You worshipped Trog.
Trog was extremely pleased with you.
You visited 1 branch of the dungeon, and saw 13 of its levels.

You collected 723 gold pieces.
You spent 54 gold pieces at shops.

Inventory:

Hand Weapons
 K - a +6 war axe of freezing (weapon)
Missiles
 g - 20 boomerangs
 m - 4 curare-tipped darts
 u - 10 javelins (quivered)
 W - 3 poisoned darts
Armour
 b - a +1 animal skin
 k - a +3 crystal plate armour (worn)
 s - a +0 pair of boots (worn)
 w - a +1 hat
 x - a +0 cloak (worn)
 M - a +0 buckler (worn)
 T - a +2 hat (worn)
 Y - the +7 chain mail of Sixed {Harm rF+ Slay+3}
   (You found it on level 13 of the Dungeon)

   Slay+3:    It affects your accuracy & damage with ranged weapons and melee
   (+3).
   rF+:       It protects you from fire.
   Harm:      It increases damage dealt and taken.
Jewellery
 a - an amulet of reflection (around neck)
 c - the ring "Aclefeaw" (right hand) {rF+ rC+ SInv}
   (You took it off a kobold on level 2 of the Dungeon)

   [ring of protection from cold]

   rF+:       It protects you from fire.
   rC+:       It protects you from cold.
   SInv:      It lets you see invisible.
 d - a +5 ring of evasion (left hand)
 f - a ring of poison resistance
 l - a ring of see invisible
 B - an amulet of magic regeneration
 J - a +6 ring of dexterity
 R - a +6 ring of dexterity
 S - a ring of protection from cold
 U - a +6 ring of dexterity
Talismans
 r - a blade talisman
 F - a serpent talisman
Wands
 t - a wand of quicksilver (11)
 D - a wand of digging (2)
 G - a wand of roots (46)
 P - a wand of mindburst (8)
 V - a wand of charming (2)
Scrolls
 h - a scroll of immolation
 p - 3 scrolls of fog
 v - 3 scrolls of fear
 C - a scroll of vulnerability
 I - a scroll of poison
 Z - 2 scrolls of identify
Potions
 e - 5 potions of curing
 i - 5 potions of might
 j - a potion of cancellation {unknown}
 n - 3 potions of lignification
 o - a potion of haste
 q - a potion of berserk rage {unknown}
 H - 2 potions of enlightenment
 N - a potion of brilliance {unknown}
 X - a potion of invisibility {unknown}
Miscellaneous
 Q - a lightning rod (4/4)


   Skills:
 - Level 5.1 Fighting
 * Level 21.8 Axes
 + Level 1.7 Throwing
 + Level 15.7 Armour
 + Level 3.5 Dodging
 - Level 0.4 Stealth
 + Level 5.4 Shields


You had 12 spell levels left.
You didn't know any spells.
Your spell library was empty.

Dungeon Overview and Level Annotations

Branches:
Dungeon (13/15)            Temple (0/1) D:6            Lair (0/5) D:9
    Orc (0/2) D:9          Vaults (0/5) D:13

Altars:
Gozag
Hepliaklqana
Okawaru
Ru
Wu Jian
Xom

Shops:
D:2 [   D:6 =

Annotations:
D:13 exclusions: oklob plant and oklob sapling


Innate Abilities, Weirdness & Mutations

You have a pair of horns on your head.
You reflexively headbutt those who attack you in melee.
Armour fits poorly on your strangely shaped body.
You are somewhat resistant to further mutation.
Your health recovers twice as slowly from being drained.


Message History

You headbutt the skeletal warrior!
You hit the skeletal warrior but do no damage.
The skeletal warrior is almost destroyed.
You barely miss the skeletal warrior.
The skeletal warrior is almost destroyed.
You slash the skeletal warrior! You freeze the skeletal warrior.
You destroy the skeletal warrior!
Trog accepts your kill.
The manticore flicks its tail.
The volley of spikes skewers you but does no damage.
You see here a +0 dire flail of protection.
You feel a strong urge to attack something.
You see here a +1 trident of protection.
Found the +1 cloak of Starlight {*Dazzle EV+4 Stlth--}.
You are no longer berserk.
You are exhausted.
You feel yourself slow down.
The manticore flicks its tail.
The volley of spikes skewers you but does no damage.
Things that are here:
+0 acid dragon scales; an acid dragon corpse You hit the manticore but do no damage.
You block the manticore's attack. The manticore claws you.
* * * LOW HITPOINT WARNING * * *
You block the manticore's attack.
You hit the manticore but do no damage. You headbutt the manticore.
The manticore is lightly wounded.
You are no longer corroded.
The manticore bites you but does no damage.
You block the manticore's attack. The manticore closely misses you.
You slash the manticore! You freeze the manticore. You headbutt the manticore.
The manticore is heavily wounded.
The manticore bites you!
* * * LOW HITPOINT WARNING * * *
You block the manticore's attack.
The manticore claws you but does no damage.
You slice the manticore!! You freeze the manticore. You headbutt the manticore!
The manticore is almost dead.
The manticore bites you!
You die...

######### ############
......[.# #..........#
........# #..........#
........# #..........#
........# #..........#
........####..........##
......H@[)).............
.........)†.............
....................####
....................#
....................#
....................#
...............<....####
........................
....................


You could see a manticore.

Vanquished Creatures
  Gastronok (D:11)
  2 vault guards (D:13)
  3 centaur warriors
  Erica (D:10)
  5 two-headed ogres
  Urug (D:10)
  8 skeletal warriors
  2 arcanists (D:13)
  A necromancer (D:13)
  4 ugly things
  A manticore (D:9)
  A cyclops (D:11)
  A rust devil (D:11)
  2 komodo dragons (D:9)
  A yaktaur (D:13)
  An unseen horror (D:12)
  Psyche (D:10)
  5 trolls
  A hellwing (D:11)
  2 hornets (D:9)
  4 slime creatures (D:12)
  3 wyverns
  A vampire (D:12)
  2 shadows
  Eustachio (D:4)
  24 yaks
  4 wraiths
  19 humans (D:13)
  2 basilisks (D:9)
  2 neqoxecs (D:11)
  4 steam dragons
  7 vampire mosquitoes
  2 chaos spawn (D:8)
  Menkaure (D:4)
  3 acid dragons
  4 water moccasins
  2 sky beasts
  An orc warrior (D:9)
  A black bear (D:6)
  A tengu (shapeshifter) (D:13)
  7 centaurs
  A kobold brigand (D:9)
  A bullfrog (D:9)
  A gnoll sergeant (D:9)
  3 scorpions
  21 wights
  6 killer bees
  An electric eel (D:9)
  7 howler monkeys
  3 orc priests
  Crazy Yiuf (D:4)
  3 bombardier beetles
  4 hounds
  2 jellies
  2 iguanas
  9 orc wizards
  A sleepcap (D:7)
  10 gnolls
  9 adders
  A shadow imp (D:7)
  2 ufetubi (D:7)
  4 dart slugs
  16 orcs
  12 ball pythons
  3 endoplasms
  3 giant cockroaches
  4 goblins
  5 hobgoblins
  4 jackals (D:2)
  2 quokkas
  4 bats
  4 frilled lizards (D:1)
  7 kobolds
  6 rats
301 creatures vanquished.

Notes
Turn   | Place    | Note
-------+----------+-------------------------------------------
     0 | D:1      | nerdeater69 the Minotaur Berserker began the quest for the
                  | Orb.
     0 | D:1      | Reached XP level 1. HP: 19/19 MP: 0/0
   112 | D:1      | Reached XP level 2. HP: 27/27 MP: 1/1
   308 | D:1      | Reached skill level 4 in Axes
   384 | D:1      | Found a faded altar of an unknown god.
   590 | D:2      | Reached XP level 3. HP: 34/34 MP: 2/2
   605 | D:2      | Identified the ring "Aclefeaw" {rF+ rC+ SInv}
   607 | D:2      | Reached ** piety under Trog
   650 | D:2      | Found a shimmering altar of Xom.
   692 | D:2      | Identified a scroll of acquirement
   692 | D:2      | Acquired a +2 crystal plate armour
   736 | D:2      | Found Jautugas's Armour Shop.
  1189 | D:2      | Bought a +0 pair of boots for 54 gold pieces
  1486 | D:3      | Found a hazy altar of Hepliaklqana.
  1559 | D:3      | Reached XP level 4. HP: 41/41 MP: 3/3
  1563 | D:3      | Reached skill level 5 in Axes
  1631 | D:3      | You fall into a shaft and drop 1 floor!
  1747 | D:4      | Reached XP level 5. HP: 43/47 MP: 4/4
  1968 | D:4      | Noticed Eustachio
  1979 | D:4      | Killed Eustachio
  1980 | D:4      | Reached skill level 5 in Fighting
  1980 | D:4      | Reached skill level 6 in Axes
  1980 | D:4      | Reached XP level 6. HP: 56/56 MP: 5/5
  2233 | D:4      | Noticed Menkaure
  2239 | D:4      | Killed Menkaure
  2240 | D:4      | Reached skill level 7 in Axes
  2391 | D:4      | Found a runed translucent door.
  2392 | D:4      | Noticed Crazy Yiuf
  2398 | D:4      | Killed Crazy Yiuf
  2437 | D:4      | Reached XP level 7. HP: 61/61 MP: 6/6
  2584 | D:5      | Entered Level 5 of the Dungeon
  2655 | D:5      | Found an ornate altar of the Wu Jian Council.
  2921 | D:5      | Reached skill level 8 in Axes
  2980 | D:5      | Found a sacrificial altar of Ru.
  3249 | D:5      | Reached skill level 9 in Axes
  3292 | D:6      | Reached *** piety under Trog
  3299 | D:6      | Reached skill level 5 in Armour
  3300 | D:6      | Reached XP level 8. HP: 46/68 MP: 7/7
  3309 | D:6      | Reached skill level 10 in Axes
  3343 | D:6      | Reached skill level 11 in Axes
  3541 | D:6      | Found Caovocs's Jewellery Boutique.
  3552 | D:6      | Found a staircase to the Ecumenical Temple.
  4230 | D:7      | Reached skill level 12 in Axes
  4335 | D:7      | Reached XP level 9. HP: 63/71 MP: 8/8
  4829 | D:7      | Reached skill level 16 in Axes
  4829 | D:7      | Reached skill level 10 in Armour
  4829 | D:7      | Reached XP level 10. HP: 81/81 MP: 9/9
  5142 | D:8      | Noticed a white ugly thing
  5153 | D:8      | Killed a white ugly thing
  5355 | D:8      | Found the +7 mace of Variability {chaos, chaos arc}
  5357 | D:8      | Found a shimmering altar of Xom.
  5380 | D:8      | Reached **** piety under Trog
  6045 | D:9      | Reached skill level 17 in Axes
  6082 | D:9      | Noticed a two-headed ogre
  6094 | D:9      | Killed a two-headed ogre
  6181 | D:9      | Noticed a centaur warrior
  6188 | D:9      | Killed a centaur warrior
  6211 | D:9      | Found an opulent altar of Gozag.
  6306 | D:9      | Reached XP level 11. HP: 73/86 MP: 10/10
  6324 | D:9      | Noticed a two-headed ogre
  6388 | D:9      | Killed a two-headed ogre
  6434 | D:9      | Reached skill level 1 in Shields
  6447 | D:9      | Reached skill level 18 in Axes
  6666 | D:9      | Found a staircase to the Orcish Mines.
  6686 | D:9      | Reached skill level 1 in Throwing
  6741 | D:9      | Noticed a brown ugly thing
  6741 | D:9      | Noticed a red ugly thing
  6746 | D:9      | Killed a brown ugly thing
  6755 | D:9      | Killed a red ugly thing
  7366 | D:9      | Found an iron altar of Okawaru.
  7757 | D:9      | Found a staircase to the Lair.
  7873 | D:10     | Entered Level 10 of the Dungeon
  7961 | D:10     | Noticed Urug
  7967 | D:10     | Reached skill level 19 in Axes
  7979 | D:10     | Killed Urug
  7980 | D:10     | Reached XP level 12. HP: 52/94 MP: 11/11
  8303 | D:10     | Noticed Psyche
  8311 | D:10     | Killed Psyche
  8440 | D:10     | Noticed Erica
  8452 | D:10     | Killed Erica
  8623 | D:10     | Found a shimmering altar of Xom.
  8623 | D:10     | Found a shimmering altar of Xom.
  8623 | D:10     | Found a shimmering altar of Xom.
  8623 | D:10     | Found a shimmering altar of Xom.
  8624 | D:10     | Found a shimmering altar of Xom.
  8624 | D:10     | Found a shimmering altar of Xom.
  8624 | D:10     | Found a shimmering altar of Xom.
  8698 | D:10     | Noticed a two-headed ogre
  8710 | D:10     | Killed a two-headed ogre
  8990 | D:11     | Noticed a two-headed ogre
  8999 | D:11     | Killed a two-headed ogre
  9119 | D:11     | Gained mutation: Your health recovers twice as slowly from
                  | being drained. [a neqoxec]
  9121 | D:11     | Gained mutation: Armour fits poorly on your strangely
                  | shaped body. [a neqoxec]
  9425 | D:11     | Noticed Gastronok
  9449 | D:11     | Killed Gastronok
  9450 | D:11     | Reached skill level 20 in Axes
  9760 | D:11     | Gained mutation: You are somewhat resistant to further
                  | mutation. [a neqoxec]
 10497 | D:12     | Reached ***** piety under Trog
 10723 | D:12     | Noticed a two-headed ogre
 10730 | D:12     | Killed a two-headed ogre
 11115 | D:12     | Reached XP level 13. HP: 37/100 MP: 12/12
 11553 | D:13     | Reached skill level 15 in Armour
 11869 | D:13     | Reached skill level 21 in Axes
 11907 | D:13     | Identified the +7 chain mail of Sixed {Harm rF+ Slay+3}
 11942 | D:13     | Found a gate to the Vaults.
 11947 | D:13     | Reached skill level 5 in Shields
 12309 | D:13     | Found the +1 cloak of Starlight {*Dazzle EV+4 Stlth--}
 12314 | D:13     | Slain by a manticore

Illustrated notes

Levels and vault maps discovered:
D:1:      psy_arrival_dodecagon, layout_loops_ring,
          hellmonk_ecumenical_altar_pennies_from_heaven
D:2:      layout_rooms, basic_altar, serial_shops, nicolae_shop_tiny_waterfront,
          lemuel_flame_loot_1
D:3:      layout_rooms, marbit_many_paths
D:4:      layout_loops_corners, uniq_menkaure, uniq_crazy_yiuf_cottage,
          uniq_eustachio
D:5:      layout_basic, nicolae_ru_sacrificial_ziggurat,
          mainiacjoe_overflow_alcove_2, hex_intersection
D:6:      layout_rooms, minmay_temple_entry_glass, serial_shops, shop
D:7:      layout_basic
D:8:      layout_basic, minmay_guarded_unrand_variability
D:9:      wad_arrow_thing, layout_irregular_city, mainiacjoe_overflow_swirl,
          erik_lair_dragon, serial_bayou_ford_a, minmay_diced_spiral
D:10:     layout_cave_pools, xom_shifter_show, minivault_25, grunt_ministairs_3,
          uniq_psyche, uniq_urug, uniq_erica
D:11:     layout_long_grid, nicolae_neqoxec_dot_bat, uniq_gastronok
D:12:     layout_irregular_city
D:13:     layout_small_grid, grunt_vaults_entry_tiered, introduction_to_nature_2

Skill      XL: |  1  2  3  4  5  6  7  8  9 10 11 12 13 |
---------------+----------------------------------------+-----
Fighting       | 4 5 |  5.1
Axes           | 4 5 6 7 9 12 16 17 19 20 21 | 21.8
Armour         | 3 4 5 6 10 11 13 14 15 | 15.7
Dodging        | 3 |  3.5
Shields        | 2 4 5 |  5.4
Throwing       | 1 |  1.7
Stealth        | |  0.4

Action                     |  1- 3 |  4- 6 |  7- 9 | 10-12 | 13-15 || total
---------------------------+-------+-------+-------+-------+-------++-------
  Melee: Hand axe          |    83 |    41 |   186 |    72 |       ||   382
         Headbutt          |    10 |     9 |    32 |   128 |    36 ||   215
         Punch             |     2 |       |     4 |       |       ||     6
         War axe           |       |       |       |   488 |   147 ||   635
  Throw: Dart              |       |     1 |       |     3 |       ||     4
         Javelin           |       |       |     2 |     4 |       ||     6
 Invoke: Berserk           |       |     3 |     1 |    13 |     2 ||    19
         Trog's Hand       |       |       |       |     1 |       ||     1
    Use: Scroll            |     4 |     3 |     7 |    17 |     1 ||    32
         Potion            |       |       |     1 |       |     2 ||     3
 Armour: Animal skin       |    19 |       |       |       |       ||    19
         Crystal plate arm |    27 |    22 |   177 |   401 |   131 ||   758
  Dodge: Dodged            |    59 |    13 |   103 |   262 |    71 ||   508
  Block: Buckler           |       |       |       |    73 |    48 ||   121
         Reflection        |       |       |       |       |     5 ||     5
